[Event "FIDE Chesscom Grand Swiss 2021"]
[Site "Riga"]
[Date "2021.11.07"]
[Round "11.37"]
[White "Gukesh D"]
[Black "Praggnanandhaa R"]
[Result "1/2-1/2"]
[ECO "D41"]
[WhiteElo "2640"]
[BlackElo "2618"]
[Annotator "RC"]
[PlyCount "68"]
[EventDate "2021.10.27"]
[EventType "swiss"]
[EventCountry "LAT"]
[Tiebreak "Cut1 Buchholz+Sonneborn-Berger (Swiss)"]
[SourceTitle "playchess.com"]
[Source "ChessBase"]
[SourceQuality "1"]
[TimeControl "40/6000+30:20/3000+30:900+30"]

1. d4 Nf6 2. c4 e6 3. Nf3 d5 4. Nc3 c5 5. cxd5 Nxd5 6. e4 Nxc3 7. bxc3 cxd4 8.
cxd4 Bb4+ 9. Bd2 Bxd2+ 10. Qxd2 O-O 11. Bc4 Nd7 12. O-O b6 13. Rfe1 Bb7 14. Rad1 Rc8 15. Bb3 Re8 16. h3 h6 17. Re3 Nf6 18. Qe2 Qc7 19. Ne5 b5 20. Ng4 Nxg4 21. hxg4 Qf4 22. Re1 a6 23. d5 exd5 24. exd5 Rxe3 25. Qxe3 Qxe3 26. Rxe3 Rd8 27. d6 Rxd6 28. Re8+ Kh7 29. Bxf7 Bd5 30. Bxd5 Rxd5 31. Ra8 Rd6 32. Ra7 Rd1+ 33. Kh2 Rd2 34. Rxa6 g6 1/2-1/2

[Event "FIDE Chesscom Grand Swiss 2021"]
[Site "Riga"]
[Date "2021.11.07"]
[Round "11.38"]
[White "Ganguly, Surya Shekhar"]
[Black "Chigaev, Maksim"]
[Result "0-1"]
[ECO "E94"]
[WhiteElo "2617"]
[BlackElo "2639"]
[Annotator "RC"]
[PlyCount "116"]
[EventDate "2021.10.27"]
[EventType "swiss"]
[EventCountry "LAT"]
[Tiebreak "Cut1 Buchholz+Sonneborn-Berger (Swiss)"]
[SourceTitle "playchess.com"]
[Source "ChessBase"]
[SourceQuality "1"]
[TimeControl "40/6000+30:20/3000+30:900+30"]

1. Nf3 Nf6 2. c4 g6 3. Nc3 Bg7 4. e4 d6 5. d4 O-O 6. Be2 e5 7. O-O b6 8. Re1 exd4 9. Nxd4 Bb7 10. f3 Nh5 11. f4 Qf6 12. Ndb5 Nxf4 13. Nxc7 Qg5 14. Bxf4 Qxf4 15. N3d5 Qe5 16. Nxa8 Bxa8 17. Rb1 Nc6 18. Bf1 Nd4 19. Qd2 Qh5 20. Be2 Qh4 21. Qf4 Qd8 22. Bd3 Ne6 23. Qf3 Be5 24. Rf1 Kg7 25. b3 h5 26. Kh1 Bc6 27. g3 h4 28. g4 h3 29. Qe3 Qh4 30. Be2 Ng5 31. Rbe1 Bd7 32. Rg1 Nxe4 33. Rgf1 Ng5 34. Qf2 Qxf2 35. Rxf2 Ne4 36. Rff1 Bd4 37. Rf4 Re8 38. Ref1 f5 39. Bd3 g5 40. Bxe4 gxf4 41. Bxf5 Bc6 42. g5 Re3 43. Rd1 Bc5 44. b4 Bxd5+ 45.
cxd5 Bxb4 46. Kg1 Bc5 47. Kf1 Rf3+ 48. Ke1 Bb4+ 49. Ke2 Ra3 50. Rd4 f3+ 51. Kf1 Bc5 52. Rd3 Rxa2 53. Rxf3 Rxh2 54. Be4 a5 55. g6 a4 56. Rf7+ Kg8 57. Ke1 a3 58. Ra7 b5 0-1

[Event "FIDE Chesscom Grand Swiss 2021"]
[Site "Riga"]
[Date "2021.11.07"]
[Round "11.39"]
[White "Ponomariov, Ruslan"]
[Black "Jobava, Baadur"]
[Result "1-0"]
[ECO "D11"]
[WhiteElo "2631"]
[BlackElo "2582"]
[Annotator "RC"]
[PlyCount "67"]
[EventDate "2021.10.27"]
[EventType "swiss"]
[EventCountry "LAT"]
[Tiebreak "Cut1 Buchholz+Sonneborn-Berger (Swiss)"]
[SourceTitle "playchess.com"]
[Source "ChessBase"]
[SourceQuality "1"]
[TimeControl "40/6000+30:20/3000+30:900+30"]

1. d4 d5 2. c4 c6 3. Nf3 Nf6 4. g3 Bf5 5. Nc3 e6 6. Nh4 dxc4 7. Nxf5 exf5 8.
e3 b5 9. Bg2 Bb4 10. O-O Bxc3 11. bxc3 O-O 12. a4 Ne4 13. Qc2 Nd7 14. g4 g6 15. gxf5 gxf5 16. f3 Nd6 17. e4 Nb6 18. e5 Ndc8 19. axb5 cxb5 20. Qxf5 Ne7 21. Qh5 Nbd5 22. Ra6 Nxc3 23. Rd6 Qe8 24. Bh6 Ng6 25. f4 Rd8 26. f5 Rxd6 27. exd6 Qe2 28. Bf3 Qd3 29. Bxf8 Qxd4+ 30. Kh1 Kxf8 31. fxg6 hxg6 32. Qh7 Ne4 33. d7 Nc5 34. Bc6 1-0

[Event "FIDE Chesscom Grand Swiss 2021"]
[Site "Riga"]
[Date "2021.11.07"]
[Round "11.40"]
[White "Adly, Ahmed"]
[Black "Zhou, Jianchao"]
[Result "0-1"]
[ECO "A08"]
[WhiteElo "2602"]
[BlackElo "2629"]
[Annotator "RC"]
[PlyCount "74"]
[EventDate "2021.10.27"]
[EventType "swiss"]
[EventCountry "LAT"]
[Tiebreak "Cut1 Buchholz+Sonneborn-Berger (Swiss)"]
[SourceTitle "playchess.com"]
[Source "ChessBase"]
[SourceQuality "1"]
[TimeControl "40/6000+30:20/3000+30:900+30"]

1. Nf3 c5 2. g3 Nc6 3. Bg2 Nf6 4. O-O e5 5. d3 d5 6. e4 Be7 7. Nc3 d4 8. Ne2 Nd7 9. Nd2 h5 10. f4 h4 11. Nf3 hxg3 12. Nxg3 exf4 13. Nf5 g5 14. h4 f6 15. hxg5 fxg5 16. Nxg5 Bxg5 17. Nd6+ Ke7 18. Nf5+ Kf8 19. Bxf4 Bxf4 20. Rxf4 Nde5 21. c3 Bxf5 22. Qb3 dxc3 23. Rxf5+ Ke8 24. bxc3 Qe7 25. Rb1 c4 26. Qa4 cxd3 27. Rxb7 Qxb7 28. Rxe5+ Kd8 29. Rd5+ Kc7 30. Rb5 Qxb5 31.
Qxb5 d2 32. Qb3 Rhf8 33. Bf1 Rad8 34. Qd1 Ne5 35. Be2 Rd7 36. Bh5 Rg7+ 37. Kh2 Rh8 0-1

[Event "FIDE Chesscom Grand Swiss 2021"]
[Site "Riga"]
[Date "2021.11.07"]
[Round "11.41"]
[White "Kovalev, Vladislav"]
[Black "Indjic, Aleksandar"]
[Result "1/2-1/2"]
[ECO "C42"]
[WhiteElo "2634"]
[BlackElo "2612"]
[Annotator "RC"]
[PlyCount "60"]
[EventDate "2021.10.27"]
[EventType "swiss"]
[EventCountry "LAT"]
[Tiebreak "Cut1 Buchholz+Sonneborn-Berger (Swiss)"]
[SourceTitle "playchess.com"]
[Source "ChessBase"]
[SourceQuality "1"]
[TimeControl "40/6000+30:20/3000+30:900+30"]

1. e4 e5 2. Nf3 Nf6 3. Nc3 Bb4 4. Nxe5 O-O 5. Be2 Re8 6.
Nd3 Bxc3 7. dxc3 Nxe4 8. O-O d6 9. f3 Nf6 10. Bg5 Nbd7 11.
Re1 h6 12. Bh4 Nf8 13. Qd2 Ng6 14. Bf2 a5 15. Nf4 Bf5 16. Nxg6 Bxg6 17. a4 Re6 18. Bc4 Rxe1+ 19. Rxe1 Qd7 20. Bb5 Qf5 21. Re2 Qd5 22. Qxd5 Nxd5 23. g3 Kf8 24. Rd2 Ne7 25. Kg2 f6 26. b3 Be8 27. Bd3 Bc6 28. c4 b6 29. g4 Kf7 30. Re2 h5 1/2-1/2

[Event "FIDE Chesscom Grand Swiss 2021"]
[Site "Riga"]
[Date "2021.11.07"]
[Round "11.42"]
[White "Jumabayev, Rinat"]
[Black "Goryachkina, Aleksandra"]
[Result "0-1"]
[ECO "D78"]
[WhiteElo "2658"]
[BlackElo "2602"]
[Annotator "RC"]
[PlyCount "136"]
[EventDate "2021.10.27"]
[EventType "swiss"]
[EventCountry "LAT"]
[Tiebreak "Cut1 Buchholz+Sonneborn-Berger (Swiss)"]
[SourceTitle "playchess.com"]
[Source "ChessBase"]
[SourceQuality "1"]
[TimeControl "40/6000+30:20/3000+30:900+30"]

1. Nf3 d5 2. g3 g6 3. Bg2 Bg7 4. O-O Nf6 5. c4 c6 6. b3 Ne4 7. d4 O-O 8. e3 a5 9. Na3 Bf5 10. Bb2 Nd7 11. Qe2 Qb6 12. Nh4 Be6 13. f3 Nef6 14. e4 g5 15.
Nf5 Bxf5 16. exf5 Rae8 17. Bh3 Kh8 18. Kh1 e6 19. fxe6 fxe6 20.
Nc2 dxc4 21. Qxc4 Nd5 22. Rae1 Rf6 23. Bg4 Qc7 24. Re2 N7b6 25. Qd3 Qf7 26. Bc1 h5 27. Bh3 Bh6 28. Re5 Rg8 29. Qe2 Rgg6 30. Ne1 Nd7 31. Nd3 Qe7 32. f4 gxf4 33. Rxh5 fxg3 34. Ne5 Nxe5 35. dxe5 Rxf1+ 36. Qxf1 Kg7 37. Rxh6 Rxh6 38.
Bxh6+ Kxh6 39. hxg3 Kg7 40. Qc1 Nc7 41. Kg2 Qd8 42. Qf4 Qd5+ 43.
Kh2 Qd8 44. Qe3 Qd7 45. Qg5+ Kf8 46. Bg4 Qf7 47. Kg2 Nd5 48. Qd8+ Kg7 49. Qg5+ Kf8 50. Bf3 Qe7 51. Qxe7+ Kxe7 52. a3 Nb6 53. b4 axb4 54. axb4 Nc4 55. Kf2 Nxe5 56. Be2 Nd7 57. Ke3 Nf6 58. Kd4 Kd6 59. b5 c5+ 60. Kd3 b6 61. Ke3 Ke5 62. Bf3 Nd5+ 63.
Kd3 Ne7 64. Bb7 Nf5 65. g4 Nd6 66. Bc6 Kf4 67. Bd7 e5 68.
Ke2 Ne4 0-1

[Event "FIDE Chesscom Grand Swiss 2021"]
[Site "Riga"]
[Date "2021.11.07"]
[Round "11.43"]
[White "Durarbayli, Vasif"]
[Black "Bartel, Mateusz"]
[Result "1/2-1/2"]
[ECO "C45"]
[WhiteElo "2629"]
[BlackElo "2597"]
[Annotator "RC"]
[PlyCount "150"]
[EventDate "2021.10.27"]
[EventType "swiss"]
[EventCountry "LAT"]
[Tiebreak "Cut1 Buchholz+Sonneborn-Berger (Swiss)"]
[SourceTitle "playchess.com"]
[Source "ChessBase"]
[SourceQuality "1"]
[TimeControl "40/6000+30:20/3000+30:900+30"]

1. e4 e5 2. Nf3 Nc6 3. d4 exd4 4. Nxd4 Bc5 5. Nb3 Bb6 6.
Qe2 d6 7. Nc3 a5 8. Nd5 a4 9. Nd2 Bc5 10. b4 axb3 11. Nxb3 Ba3 12. Bd2 Nge7 13. Bc3 O-O 14. Qd2 Ra4 15. f3 Nxd5 16. exd5 Ne5 17. Bb5 Qh4+ 18. Qf2 Bb4 19. Bd2 Bxd2+ 20. Nxd2 Qxf2+ 21.
Kxf2 Rd4 22. Nb3 Rxd5 23. c4 Rd3 24. c5 Rc3 25. cxd6 Rc2+ 26. Kg3 f5 27. f4 Rc3+ 28. Kf2 Ng4+ 29. Ke2 Re3+ 30. Kf1 cxd6 31. Rc1 Re4 32. g3 Be6 33. h3 Ne3+ 34. Kf2 Ra8 35. Bd3 Rxa2+ 36. Kf3 Rb4 37. Nd4 Rxd4 38. Kxe3 Rb4 39. Rb1 Rab2 40. Rxb2 Rxb2 41. g4 Kf7 42. Rc1 fxg4 43. hxg4 Bxg4 44. Bxh7 Re2+ 45. Kd3 Re7 46. Be4 Kf6 47. Kd4 Bf5 48. Bd5 Bg6 49. Rg1 Be8 50. Be4 Rc7 51. Rg5 b5 52. Rf5+ Ke6 53. Rf8 Rc4+ 54. Ke3 Bc6 55. Bd3 Ra4 56. Rg8 Ra7 57. Rc8 Bd7 58. Rg8 Kf7 59. Rb8 Ra3 60. Rb7 Ke8 61. Kd4 Ra4+ 62. Ke3 Rb4 63. Rb8+ Ke7 64. Rg8 Kf7 65. Rd8 Ke6 66. Rg8 Kf7 67. Rd8 Be6 68. Rxd6 Rb3 69. Kd4 Bc4 70. Bxc4+ bxc4 71. Rc6 c3 72. Rxc3 Rxc3 73. Kxc3 Kf6 74. Kd4 g5 75. fxg5+ Kxg5 1/2-1/2

[Event "FIDE Chesscom Grand Swiss 2021"]
[Site "Riga"]
[Date "2021.11.07"]
[Round "11.44"]
[White "Pichot, Alan"]
[Black "Gretarsson, Hjorvar Steinn"]
[Result "1-0"]
[ECO "B12"]
[WhiteElo "2628"]
[BlackElo "2577"]
[Annotator "RC"]
[PlyCount "79"]
[EventDate "2021.10.27"]
[EventType "swiss"]
[EventCountry "LAT"]
[Tiebreak "Cut1 Buchholz+Sonneborn-Berger (Swiss)"]
[SourceTitle "playchess.com"]
[Source "ChessBase"]
[SourceQuality "1"]
[TimeControl "40/6000+30:20/3000+30:900+30"]

1. e4 c6 2. d4 d5 3. e5 Bf5 4. h4 h5 5. Bd3 Bxd3 6. Qxd3 Qa5+ 7. b4 Qxb4+ 8.
Nd2 e6 9. Rb1 Qe7 10. Ne2 b5 11. Nf3 Na6 12. O-O Nc7 13. a4 Qd7 14. Nf4 a5 15. Bd2 Ne7 16. Ra1 b4 17. c3 Nf5 18. cxb4 axb4 19. Rfc1 Na6 20. Qc2 c5 21. dxc5 Bxc5 22. Qd3 g6 23. Qb5 Nd4 24. Nxd4 Bxd4 25. Rab1 Bxe5 26. Nd3 Bc3 27. Bxc3 bxc3 28. Rxc3 Rb8 29. Qxb8+ Nxb8 30. Rxb8+ Ke7 31. Rxh8 Qxa4 32. Rhc8 Kf6 33.
Nc5 Qd1+ 34. Kh2 Qd4 35. Rf3+ Kg7 36. g3 Qe5 37. Rf8 f5 38.
Re3 Qb2 39. Nxe6+ Kh6 40. Kg2 1-0

[Event "FIDE Chesscom Grand Swiss 2021"]
[Site "Riga"]
[Date "2021.11.07"]
[Round "11.45"]
[White "Kollars, Dmitrij"]
[Black "Suleymanli, Aydin"]
[Result "1-0"]
[ECO "C10"]
[WhiteElo "2621"]
[BlackElo "2541"]
[Annotator "RC"]
[PlyCount "113"]
[EventDate "2021.10.27"]
[EventType "swiss"]
[EventCountry "LAT"]
[Tiebreak "Cut1 Buchholz+Sonneborn-Berger (Swiss)"]
[SourceTitle "playchess.com"]
[Source "ChessBase"]
[SourceQuality "1"]
[TimeControl "40/6000+30:20/3000+30:900+30"]

1. e4 e6 2. d4 d5 3. Nd2 dxe4 4. Nxe4 Nd7 5. Nf3 Ngf6 6. Nxf6+ Nxf6 7. c3 c5 8. Ne5 a6 9. Qa4+ Bd7 10. Nxd7 Qxd7 11. Qxd7+ Nxd7 12. Be3 cxd4 13. Bxd4 O-O-O 14. Rd1 Rg8 15. Be3 Be7 16. Bd3 h6 17. Bc2 Nf6 18. O-O Nd5 19. Bc1 Rd7 20. g3 Rgd8 21. Rfe1 Bf6 22. Rd3 Nc7 23. Rxd7 Rxd7 24. Kf1 Rd5 25. Be4 Ra5 26. a3 Rb5 27. Rd1 Re5 28. Bg2 Rc5 29. Ke2 Nd5 30. Rd3 b5 31. Bd2 Kc7 32. Kd1 a5 33.
b4 Rxc3 34. Bxc3 Nxc3+ 35. Kd2 axb4 36. axb4 Na2 37. Ra3 Nxb4 38. Ra7+ Kd6 39. Rxf7 Nd5 40. Rb7 Kc6 41. Rb8 Be5 42. Rc8+ Kd7 43. Ra8 Nc7 44. Rb8 Bd4 45. f4 Bg1 46. Rg8 Bd4 47. Kd3 Bf6 48.
Rb8 Be7 49. h4 Ba3 50. h5 Bb2 51. Rb6 e5 52. f5 b4 53. Rxb4 Bd4 54. Rb8 Ke7 55. Rb7 Kd6 56. g4 Ba1 57. Be4 1-0

[Event "FIDE Chesscom Grand Swiss 2021"]
[Site "Riga"]
[Date "2021.11.07"]
[Round "11.46"]
[White "Ivic, Velimir"]
[Black "Vokhidov, Shamsiddin"]
[Result "1/2-1/2"]
[ECO "B66"]
[WhiteElo "2606"]
[BlackElo "2521"]
[Annotator "RC"]
[PlyCount "178"]
[EventDate "2021.10.27"]
[EventType "swiss"]
[EventCountry "LAT"]
[Tiebreak "Cut1 Buchholz+Sonneborn-Berger (Swiss)"]
[SourceTitle "playchess.com"]
[Source "ChessBase"]
[SourceQuality "1"]
[TimeControl "40/6000+30:20/3000+30:900+30"]

1. e4 c5 2. Nf3 d6 3. d4 cxd4 4. Nxd4 Nf6 5. Nc3 Nc6 6. Bg5 e6 7. Qd2 Be7 8. O-O-O a6 9. f3 Nxd4 10. Qxd4 b5 11. Kb1 Bb7 12. Bc1 Qc7 13.
g4 b4 14. Qxb4 d5 15. Qd4 Bc5 16. Qd2 dxe4 17. g5 e3 18. Qe2 Ng4 19. Rg1 Ne5 20. Rg3 O-O 21. Bxe3 Bxe3 22. Qxe3 Rfd8 23. Re1 Ng6 24. Bd3 Nf4 25. Be4 Rab8 26. Rgg1 Bxe4 27. Nxe4 Nd5 28. Qc1 Qxh2 29. Rd1 Qe2 30. Rd3 Nb4 31. Re3 Qc4 32. b3 Qc7 33. Rc3 Qe5 34. Re1 Qa5 35.
a3 Nd5 36. Rd3 Rdc8 37. Red1 Nc3+ 38. Rxc3 Rxc3 39. Qd2 Rc5 40. Nxc5 Qxc5 41. Kb2 Rc8 42. f4 g6 43. Re1 Qf8 44. Qa5 Qd6 45. Qb4 Rc5 46. Re5 Rc6 47. Qxd6 Rxd6 48. c4 f6 49. c5 Rc6 50. gxf6 Kf7 51. b4 h5 52. a4 Rc8 53. b5 axb5 54. axb5 Kxf6 55. Kc3 Rh8 56. b6 h4 57. Kc4 h3 58. Re1 Ke7 59. Kb5 h2 60.
Rh1 Kd7 61. c6+ Kc8 62. Ka6 Rh3 63. Kb5 Rb3+ 64. Kc5 Rc3+ 65. Kd6 Rd3+ 66. Kxe6 Rc3 67. Kd6 Rd3+ 68. Ke6 Rc3 69. Kd5 Rc2 70. Kd6 Rd2+ 71. Ke7 Rc2 72. Kf7 Rxc6 73. Rxh2 Rxb6 74. Rh6 Rb4 75. Rh4 Kd7 76. Kxg6 Ke7 77. Rh7+ Kf8 78. f5 Rg4+ 79. Kf6 Kg8 80. Ra7 Rb4 81. Ra8+ Kh7 82. Re8 Rf4 83. Rf8 Ra4 84. Re8 Rf4 85. Re5 Kg8 86. Re1 Rf2 87. Rg1+ Kf8 88. Rb1 Kg8 89. Rb5 Rf1 1/2-1/2

[Event "FIDE Chesscom Grand Swiss 2021"]
[Site "Riga"]
[Date "2021.11.07"]
[Round "11.49"]
[White "Paravyan, David"]
[Black "Bjerre, Jonas Buhl"]
[Result "1/2-1/2"]
[ECO "B94"]
[WhiteElo "2642"]
[BlackElo "2569"]
[Annotator "RC"]
[PlyCount "103"]
[EventDate "2021.10.27"]
[EventType "swiss"]
[EventCountry "LAT"]
[Tiebreak "Cut1 Buchholz+Sonneborn-Berger (Swiss)"]
[SourceTitle "playchess.com"]
[Source "ChessBase"]
[SourceQuality "1"]
[TimeControl "40/6000+30:20/3000+30:900+30"]

1. e4 c5 2. Nf3 d6 3. d4 cxd4 4. Nxd4 Nf6 5. Nc3 a6 6. Bg5 Nbd7 7. a3 Qc7 8. Qd2 e6 9. O-O-O Be7 10. f4 h6 11. Bxf6 Bxf6 12. h4 Nc5 13.
g4 Bd7 14. Bg2 Na4 15. Nxa4 Bxa4 16. Qb4 Bd7 17. g5 Be7 18. Qb3 Rc8 19. Kb1 b5 20. g6 O-O 21. Bh3 Qc4 22. gxf7+ Rxf7 23. Nxe6 Rf6 24. Ng5 Qxb3 25. cxb3 Bxh3 26. Nxh3 Rg6 27. Rdg1 Re6 28. Nf2 Rf8 29. f5 Re5 30. Rg6 Rf6 31. h5 d5 32. Ng4 Rxg6 33. Nxe5 Rf6 34. Ng6 Kf7 35. Rd1 dxe4 36. Rd7 Rxf5 37. Rxe7+ Kf6 38. Rxe4 Rxh5 39. Nf8 g5 40. a4 Kf5 41. Re1 g4 42. Ne6 Rh2 43. Nd4+ Kf4 44. Rf1+ Ke4 45. axb5 axb5 46. Nxb5 g3 47. Nd6+ Ke5 48. Nc4+ Ke4 49. Ka2 g2 50. Re1+ Kf3 51. Ne3 h5 52. Nxg2 1/2-1/2

[Event "FIDE Chesscom Grand Swiss 2021"]
[Site "Riga"]
[Date "2021.11.07"]
[Round "11.51"]
[White "Neiksans, Arturs"]
[Black "Dreev, Aleksey"]
[Result "1/2-1/2"]
[ECO "E14"]
[WhiteElo "2570"]
[BlackElo "2635"]
[Annotator "RC"]
[PlyCount "35"]
[EventDate "2021.10.27"]
[EventType "swiss"]
[EventCountry "LAT"]
[Tiebreak "Cut1 Buchholz+Sonneborn-Berger (Swiss)"]
[SourceTitle "playchess.com"]
[Source "ChessBase"]
[SourceQuality "1"]
[TimeControl "40/6000+30:20/3000+30:900+30"]

1. d4 d5 2. Nf3 Nf6 3. c4 e6 4. e3 b6 5. Nc3 Bd6 6. cxd5 exd5 7. Bd3 O-O 8. O-O Bb7 9. b3 a6 10. Bb2 Nbd7 11. Ne2 Ne4 12. Ng3 Re8 13. Rc1 g6 14. Qc2 Rc8 15. Qe2 Ra8 16. Qc2 Rc8 17. Qe2 Ra8 18. Qc2 1/2-1/2

[Event "FIDE Chesscom Grand Swiss 2021"]
[Site "Riga"]
[Date "2021.11.07"]
[Round "11.52"]
[White "Morovic Fernandez, Ivan"]
[Black "Georgiev, Kiril"]
[Result "1/2-1/2"]
[ECO "C67"]
[WhiteElo "2510"]
[BlackElo "2577"]
[Annotator "RC"]
[PlyCount "82"]
[EventDate "2021.10.27"]
[EventType "swiss"]
[EventCountry "LAT"]
[Tiebreak "Cut1 Buchholz+Sonneborn-Berger (Swiss)"]
[SourceTitle "playchess.com"]
[Source "ChessBase"]
[SourceQuality "1"]
[TimeControl "40/6000+30:20/3000+30:900+30"]

1. e4 e5 2. Nf3 Nc6 3. Bb5 Nf6 4. O-O Nxe4 5. Re1 Nd6 6.
Nxe5 Be7 7. Bf1 Nxe5 8. Rxe5 O-O 9. Nc3 Ne8 10. Nd5 Bd6 11.
Re1 c6 12. Ne3 Be7 13. Nf5 Bf6 14. Qe2 d5 15. Ne7+ Kh8 16. Nxc8 Rxc8 17. d3 Nd6 18. Qd1 Bg5 19. Qg4 Bxc1 20. Raxc1 Qa5 21. Qf4 Rcd8 22. a3 Qb6 23. b4 Qc7 24. c4 dxc4 25. dxc4 Rd7 26. Rcd1 Nc8 27. Qf5 Rdd8 28. Bd3 g6 29. Qf6+ Kg8 30. c5 Rd5 31. Bc4 Rf5 32. Qd4 b6 33.
g3 a5 34. h4 axb4 35. axb4 bxc5 36. bxc5 Na7 37. Qd6 Qxd6 38.
cxd6 Rd8 39. d7 Kf8 40. Rd6 Rc5 41. Re4 Nb5 1/2-1/2

[Event "FIDE Chesscom Grand Swiss 2021"]
[Site "Riga"]
[Date "2021.11.07"]
[Round "11.53"]
[White "Rakotomaharo, Fy Antenaina"]
[Black "Meshkovs, Nikita"]
[Result "1/2-1/2"]
[ECO "C70"]
[WhiteElo "2484"]
[BlackElo "2550"]
[Annotator "ChessBase"]
[PlyCount "175"]
[EventDate "2021.10.27"]
[EventType "swiss"]
[EventCountry "LAT"]
[Tiebreak "Cut1 Buchholz+Sonneborn-Berger (Swiss)"]
[SourceTitle "playchess.com"]
[Source "ChessBase"]
[SourceQuality "1"]
[TimeControl "40/6000+30:20/3000+30:900+30"]

1. e4 e5 2. Nf3 Nc6 3. Bb5 a6 4. Ba4 Nge7 5. c3 g6 6. d4 exd4 7. cxd4 b5 8. Bb3 Bg7 9. O-O O-O 10. a4 d5 11. exd5 bxa4 12. Rxa4 Nxd5 13. Bg5 Qd7 14. Nc3 Nxc3 15. bxc3 a5 16. Re1 Re8 17. Rxe8+ Qxe8 18. Bf4 Ra7 19. h3 Nd8 20. Qa1 Qb5 21. Qa3 Bf8 22. Qa2 Qf5 23.
Be5 Nb7 24. Bd5 Qd7 25. Ng5 Nd8 26. Rxa5 Rxa5 27. Qxa5 Be7 28. Ne4 c5 29. Qa2 cxd4 30. cxd4 Kf8 31. Nf6 Qf5 32. Be4 Qe6 33. Nxh7+ Kg8 34. Nf6+ Bxf6 35. Qxe6 Nxe6 36. Bxf6 Nf4 37. f3 Be6 38. Be5 Nd5 39. g4 f6 40. Bd6 f5 41. Bd3 Kf7 42. Kf2 fxg4 43.
fxg4 g5 44. Kg3 Ne3 45. Be2 Bd5 46. h4 Ke6 47. Bc7 gxh4+ 48. Kxh4 Be4 49. Ba6 Kd5 50. Be5 Bf5 51. Bb7+ Kc4 52. g5 Bg6 53. Bc8 Nf5+ 54. Bxf5 Bxf5 55. Kh5 Kd5 56. g6 Ke6 57. Kg5 Be4 58. Bf6 Bd5 59. Bd8 Kd7 60. Ba5 Ke7 61. Kf5 Bb3 62. Bb4+ Kd7 63. Kf6 Ke8 64. Bd2 Bc4 65. Bh6 Bb3 66. Bf4 Bc4 67. Kg7 Bd3 68. Bd6 Bc2 69. Bb4 Bd3 70. Kh6 Bc4 71. Kh7 Bd3 72. Kg7 Bc2 73. Kf6 Bb3 74. Ke5 Kd7 75. Bd2 Bc4 76. Bf4 Bb3 77. Bg3 Bc4 78. Kf5 Bb3 79. Be5 Bc4 80. Kg5 Ke8 81. Bf6 Bb3 82. Kf4 Bc2 83. g7 Bh7 84. Ke5 Kd7 85. Bh4 Bg8 86. Bg3 Bf7 87. Kf6 Bg8 88. Bh2 1/2-1/2

[Event "FIDE Chesscom Grand Swiss 2021"]
[Site "Riga"]
[Date "2021.11.07"]
[Round "11.54"]
[White "Budisavljevic, Luka"]
[Black "Van Foreest, Lucas"]
[Result "1-0"]
[ECO "E32"]
[WhiteElo "2508"]
[BlackElo "2543"]
[Annotator "RC"]
[PlyCount "101"]
[EventDate "2021.10.27"]
[EventType "swiss"]
[EventCountry "LAT"]
[Tiebreak "Cut1 Buchholz+Sonneborn-Berger (Swiss)"]
[SourceTitle "playchess.com"]
[Source "ChessBase"]
[SourceQuality "1"]
[TimeControl "40/6000+30:20/3000+30:900+30"]

1. d4 Nf6 2. c4 e6 3. Nc3 Bb4 4. Qc2 O-O 5. e4 d5 6. e5 Ne4 7. Bd3 c5 8. Nf3 cxd4 9. Nxd4 Nd7 10. Bf4 Qh4 11. g3 Qh5 12. O-O g5 13. cxd5 Bxc3 14. bxc3 exd5 15. Be3 Nxe5 16. f3 Nc5 17. Bf5 f6 18. Rad1 b6 19. Kg2 g4 20. fxg4 Nxg4 21. Bg1 Re8 22. Rf4 Ne3+ 23. Bxe3 Rxe3 24. Bxc8 Rxc8 25. Rh4 Qg6 26. Nf5 Rce8 27. Nxe3 Qxc2+ 28. Nxc2 Re2+ 29. Kf1 Rxc2 30. Rxd5 Rxc3 31. a4 Ra3 32. Rg4+ Kf7 33. Rh5 Ra1+ 34. Kf2 a5 35. Rxh7+ Ke6 36. Rhh4 Ke5 37. Ke2 f5 38. Rc4 Ra2+ 39. Kd1 Ne4 40. Rh5 Nf6 41. Rh8 Ng4 42. Kc1 Nxh2 43. Re8+ Kd5 44. Rf4 Kc6 45. Rc8+ Kd7 46. Rc2 Rxc2+ 47. Kxc2 Ng4 48. Kc3 Ke6 49. Kc4 Ne3+ 50. Kb5 Nd5 51. Kc6 1-0